 Dungeon Crawl Stone Soup version 0.29.1-15-g9cfb28693d (webtiles) character file.

Game seed: 9106698553434439292

25 browni3141 the Vexing (level 3, 0/26 HPs)
             Began as a Human Enchanter on Feb 24, 2023.
             Slain by Natasha (3 damage)
             ... on level 1 of the Dungeon.
             The game lasted 00:02:21 (1256 turns).

browni3141 the Vexing (Human Enchanter)             Turns: 1256, Time: 00:02:22

Health: 0/26       AC:  2    Str:  8    XL:     3   Next: 20%
Magic:  0/6        EV: 12    Int: 17    God:
Gold:   44         SH:  0    Dex: 13    Spells: 4/6 levels left

rFire   . . .      SeeInvis .   a - +1 dagger
rCold   . . .      Faith    .   (no shield)
rNeg    . . .      Spirit   .   g - +0 robe
rPois   .          Reflect  .   (no helmet)
rElec   .          Harm     .   (no cloak)
rCorr   .          Rampage  .   (no gloves)
Will    .....                   (no boots)
Stlth   ++........              (no amulet)
HPRegen 0.08/turn               (no ring)
MPRegen 0.10/turn               (no ring)

@: mighty, very slightly contaminated, slowed, invisible, very slow
A: no striking features
a: no special abilities


You were on level 1 of the Dungeon.
You visited 1 branch of the dungeon, and saw 2 of its levels.

You collected 44 gold pieces.


   Skills:
 - Level 1.0 Fighting
 - Level 1.0 Short Blades
 - Level 2.0 Dodging
 - Level 3.0 Stealth
 - Level 2.0 Spellcasting
 * Level 3.2 Hexes
 - Level 2.0 Ice Magic


You had 4 spell levels left.
You knew the following spells:

 Your Spells              Type           Power      Damage    Failure   Level
z - Ensorcelled Hibernat  Hex/Ice        20%        N/A       10%         2

Your spell library contained the following spells:

 Spells                   Type           Power      Damage    Failure   Level
 Confusing Touch          Hex            12%        N/A       16%         3
 Tukima's Dance           Hex            12%        N/A       16%         3
 Dazzling Flash           Conj/Hex       14%        N/A       30%         3

Inventory:

Hand Weapons
 a - a +1 dagger (weapon)
 b - a +0 sling
Armour
 g - a +0 robe (worn)
Scrolls
 d - a scroll of identify {@r1}
 f - a scroll of vulnerability {unknown}
 h - a scroll of teleportation {unknown}

Dungeon Overview and Level Annotations

Branches:
Dungeon (2/15)

Altars:

Shops:
D:2 [

Annotations:
D:1 Natasha

#.# #.# ####.# ...#.# ...#.#
...#.# ...#.#########
..##.........#####
.....###'###...g@#
....##.....##.#h.#
....#..#.#..#.#..#
....'.#)#)#.+.#..#
'#..#..#.#..#.#..#
.#..##.....##....#
.#...###+###..##.#
.#.#.........###'############
.#.#........###......#......#


You could see Natasha (empowered) and a hobgoblin (unable to see you).


Message History

You miscast Ensorcelled Hibernation.
You are very lightly contaminated with residual magic.
Nothing appears to happen.
The hobgoblin misses you. Natasha closely misses you.
Casting: Ensorcelled Hibernation (safe; 10% risk of failure)
Confirm with . or Enter, or press ? or * to list all spells.
Aiming: Ensorcelled Hibernation (safe; 10% risk of failure)
Press: ? - help, Shift-Dir - straight line, f/p - Natasha
Aim: Natasha (chance to affect: 44%) Natasha resists with some effort.
The hobgoblin hits you.
* * * LOW HITPOINT WARNING * * *
Natasha drinks a potion.
Natasha's spells are empowered!
Casting: Ensorcelled Hibernation (safe; 10% risk of failure)
Confirm with . or Enter, or press ? or * to list all spells.
Aiming: Ensorcelled Hibernation (safe; 10% risk of failure)
Press: ? - help, Shift-Dir - straight line, f/p - Natasha
Aim: Natasha (spells empowered, chance to affect: 44%) Natasha resists with some effort.
The hobgoblin barely misses you. Natasha claws you.
* * * LOW HITPOINT WARNING * * *
Unknown command.
As you read the scroll labelled OSON BOIFY, it crumbles to dust.
It is a scroll of identify.
e - a potion of might The hobgoblin closely misses you.
Natasha stares at you and mumbles some strange words.
You feel yourself slow down.
You feel very mighty all of a sudden. The hobgoblin closely misses you.
Natasha claws you.
You die...

Skill      XL: |  1  2 |
---------------+-------+-----
Fighting       | 1 |  1.0
Ice Magic      | 2 |  2.0
Short Blades   | |  1.0
Dodging        | |  2.0
Stealth        | |  3.0
Spellcasting   | |  2.0
Hexes          | |  3.2

Action                   || total
-------------------------++-------
Melee: Dagger            ||    40
 Fire: Sling             ||    35
 Cast: Ensorcelled Hiber ||     8
  Use: Potion            ||     3
       Scroll            ||     1
 Stab: Invisible         ||     1
       Sleeping          ||     4
Armor: Robe              ||    21
Dodge: Dodged            ||    78

Levels and vault maps discovered:
D:1:      sevenhm_arrival_forest_fort_large_2, layout_basic,
          basic_ecumenical_altar, minmay_misc_feat_pillars, minmay_box_of_dots
D:2:      layout_rooms, serial_shops, shop_statue, serial_bayou_pond_c,
          chequers_garden, uniq_natasha

Notes
Turn   | Place    | Note
-------+----------+-------------------------------------------
     0 | D:1      | browni3141 the Human Enchanter began the quest for the Orb.
     0 | D:1      | Reached XP level 1. HP: 13/13 MP: 3/3
   306 | D:1      | Reached skill level 1 in Fighting
   330 | D:1      | Reached XP level 2. HP: 16/21 MP: 5/5
   406 | D:1      | Learned a level 2 spell: Ensorcelled Hibernation
   418 | D:1      | Reached skill level 1 in Ice Magic
   801 | D:1      | Found a faded altar of an unknown god.
  1000 | D:1      | Reached skill level 2 in Ice Magic
  1000 | D:1      | Reached XP level 3. HP: 20/26 MP: 6/6
  1239 | D:2      | Found Uvvysoh's Armour Shop.
  1243 | D:2      | Noticed Natasha
  1256 | D:1      | Slain by Natasha

Vanquished Creatures
  2 dart slugs (D:1)
  An endoplasm (D:1)
  2 giant cockroaches (D:1)
  2 kobolds (D:1)
  A quokka (D:1)
  4 ball pythons
  5 bats (D:1)
  A frilled lizard (D:1)
  3 rats (D:1)
21 creatures vanquished.

Table legend: (Time is in decaauts)
 A = Elapsed time spent in this place.
 B = Non-inter-level travel time spent in this place.
 C = Inter-level travel time spent in this place.
 D = Time resting spent in this place.
 E = Time spent auto-exploring this place.
 F = Levels seen in this place.
 G = Mean time per level.
                   A        B        C        D        E       F      G
               +--------+--------+--------+--------+--------+-----+--------+
         Total |   1267 |   1252 |     15 |    242 |    742 |   2 |  633.5 |
       Dungeon |   1267 |   1252 |     15 |    242 |    742 |   2 |  633.5 |
               +--------+--------+--------+--------+--------+-----+--------+

Top non-repeatable levels by time:
     D:1: 1255 daAuts
     D:2: 11 daAuts

Table legend:
 A = Non-vault XP
 B = Vault XP
 C = Vault XP percentage of total XP
 D = Non-vault monster count
 E = Vault monster count
 F = Vault count percentage of total count
                 A         B        C        D         E       F
            +---------+---------+-------+---------+---------+-------
      Total |      35 |       2 |   5.4 |      20 |       1 |   4.8
            +---------+---------+-------+---------+---------+-------
        D:1 |      34 |       2 |   5.6 |      19 |       1 |   5.0
        D:2 |       1 |       0 |   0.0 |       1 |       0 |   0.0
            +---------+---------+-------+---------+---------+-------
